 Dungeon Crawl Stone Soup version 0.30-a0-1104-g706747fef1 (webtiles) character file.

Game seed: 2653007537740397837

130 CryoSword the Conjurer (level 4, -4/33 HPs)
             Began as a Draconian Conjurer on Apr 19, 2023.
             Slain by a gnoll
             ... wielding a +2 whip of electrocution
              (12 damage)
             ... on level 3 of the Dungeon.
             The game lasted 00:03:03 (2379 turns).

CryoSword the Conjurer (Draconian Conjurer)         Turns: 2379, Time: 00:03:04

Health: -4/33      AC:  5    Str: 10    XL:     4   Next: 90%
Magic:  7/7        EV: 12    Int: 18    God:
Gold:   1          SH:  0    Dex: 11    Spells: 6/7 levels left

rFire   . . .      SeeInvis .    c - +4 dagger (venom)
rCold   . . .      Faith    .    (no shield)
rNeg    . . .      Spirit   .    (body armour unavailable)
rPois   .          Reflect  .    (helmet restricted)
rElec   .          Rampage  .    h - scarf {repulsion}
rCorr   .                        (no gloves)
Will    .....                    (no boots)
Stlth   ++                       (no amulet)
HPRegen 0.25/turn                (no ring)
MPRegen 0.10/turn                (no ring)

@: repel missiles
A: AC +5, unfitting armour, cold-blooded
a: no special abilities


You were on level 3 of the Dungeon.
You visited 1 branch of the dungeon, and saw 3 of its levels.

You collected 81 gold pieces.
You spent 80 gold pieces at shops.

Inventory:

Hand Weapons
 c - a +4 dagger of venom (weapon)
   (You took it off a goblin on level 1 of the Dungeon)
Missiles
 d - 8 boomerangs
Armour
 h - a scarf of repulsion (worn)
   (You found it on level 2 of the Dungeon)
Scrolls
 b - 3 scrolls of teleportation {@r4}
 f - a scroll of amnesia {unknown}
 g - a scroll of poison {!r}
 i - a scroll of blinking
 j - a scroll of magic mapping {unknown}
 k - a scroll of identify {unknown}
Potions
 a - a potion of magic
 e - a potion of haste {unknown}
 l - a potion of invisibility {unknown}


   Skills:
 * Level 3.6 Long Blades
 - Level 1.7 Dodging
 - Level 1.7 Stealth
 - Level 2.0 Spellcasting
 + Level 4.9 Conjurations


You had 6 spell levels left.
You knew the following spells:

 Your Spells              Type           Power      Damage    Failure   Level
a - Magic Dart            Conj           76%        1d6       2%          1

Your spell library contained the following spells:

 Spells                   Type           Power      Damage    Failure   Level
 Searing Ray              Conj           38%        2d5       3%          2
 Static Discharge         Conj/Air       20%        2-3/arc   10%         2
 Slow                     Hex            4%         N/A       19%         1
 Dazzling Flash           Conj/Hex       20%        N/A       21%         3
 Stone Arrow              Conj/Erth      20%        3d8       21%         3
 Confusing Touch          Hex            1%         N/A       47%         3
 Vampiric Draining        Necr           1%         2d6       47%         3
 Fulminant Prism          Conj/Hex       5%         3d7       54%         4
 Iskenderun's Mystic Bla  Conj/Tloc      10%        2d4       54%         4
 Airstrike                Air            0%         2d(1-17)  87%         4
 Summon Lightning Spire   Summ/Air       1%         N/A       87%         4
 Lehudib's Crystal Spear  Conj/Erth      5%         10d3      100%        8
 Animate Armour           Summ/Erth      Unusable   N/A       N/A         4

Dungeon Overview and Level Annotations

Branches:
Dungeon (3/15)

Altars:
Gozag
Yredelemnul

Shops:
D:1 *   D:2 *


Innate Abilities, Weirdness & Mutations

Your plain brown scales are hard. (AC +5)
You cannot fit into any form of body armour.
You are cold-blooded and may be slowed by cold attacks.


Message History

Aim: a worm (heavily wounded, 100% to hit)
The magic dart hits the worm.
Aim: a worm (severely wounded, 100% to hit)
The magic dart hits the worm.
You hit the worm.
The worm is poisoned.
You tail-slap the worm. You completely miss the worm. The worm misses you.
You hit the worm.
You kill the worm!
No target in view!
An orc comes into view. It is wielding a +0 short sword.
An orc is nearby!
An orc is nearby!
You can't see any susceptible monsters within range! (Use Z to cast anyway.) Unknown command.
An orc is nearby!
An orc is nearby!
The orc drinks a potion.
The orc suddenly seems more resistant.
You hit the orc.
The orc is poisoned.
The orc closely misses you.
You hit the orc.
You kill the orc!
An orc comes into view. It is wielding a +0 mace.
You see here a book of Armaments.
An orc is nearby!
An orc is nearby!
An orc is nearby!
You can't see any susceptible monsters within range! (Use Z to cast anyway.) Unknown command.
You pick up a book of Armaments and begin reading...
You add the spells Stone Arrow and Lehudib's Crystal Spear to your library.
An orc is nearby!
An orc is nearby!
A bat comes into view.
The orc shouts!
The bat moves out of view.
Aim: an orc, wielding a +0 mace (100% to hit)
The magic dart hits the orc.
Aim: an orc, wielding a +0 mace (severely wounded, 100% to hit)
The magic dart hits the orc.
You kill the orc!
The bat closely misses you.
Your Long Blades skill increases to level 3!
You hit the bat.
You kill the bat!
No target in view!
No target in view!
A hobgoblin comes into view.
You see here a +0 mace.
A hobgoblin is nearby!
A hobgoblin is nearby!
A hobgoblin is nearby!
The hobgoblin shouts!
Aim: a hobgoblin (100% to hit)
The magic dart hits the hobgoblin.
Aim: a hobgoblin (heavily wounded, 100% to hit)
The magic dart hits the hobgoblin.
Aim: a hobgoblin (almost dead, 100% to hit)
The magic dart hits the hobgoblin.
You kill the hobgoblin!
Found a scale mail.
Found a mace.
A dart slug comes into view.
A dart slug is nearby!
A dart slug is nearby!
A dart slug is nearby!
Aim: a dart slug (asleep, 100% to hit)
The magic dart hits the dart slug.
Aim: a dart slug (moderately wounded, 100% to hit)
The magic dart hits the dart slug.
Aim: a dart slug (almost dead, 100% to hit)
The magic dart hits the dart slug.
You kill the dart slug!
A frilled lizard comes into view.
The frilled lizard hisses angrily.
A frilled lizard is nearby!
A frilled lizard is nearby!
A frilled lizard is nearby!
You puncture the frilled lizard!
You kill the frilled lizard!
No target in view!
No target in view!
You see here a frilled lizard corpse.
A gnoll comes into view. It is wielding a +0 spear.
A gnoll is nearby!
A gnoll is nearby!
A gnoll is nearby!
An iguana, a rat, a goblin and a gnoll come into view.
A gnoll comes into view. It is wielding a +0 flail.
The iguana hisses angrily.
The goblin shouts!
The gnoll shouts!
You hear an angry hiss.
You hear a shout!
You hear an angry hiss.
The gnoll moves out of view.
Aim: a rat (100% to hit)
The magic dart hits the rat.
You kill the rat!
The gnoll throws a throwing net.
The throwing net closely misses you.
A gnoll comes into view.
It is wielding a +2 whip of electrocution.
An orc comes into view. It is wielding a +0 dagger.
Aim: a goblin, wielding a +0 club (100% to hit)
The magic dart hits the goblin.
The orc shouts!
The gnoll shouts!
You hear an angry hiss.
Aim: a goblin, wielding a +0 club (heavily wounded, 100% to hit)
The magic dart hits the goblin.
You kill the goblin!
Aim: a gnoll, wielding a +0 spear (100% to hit)
You miscast Magic Dart.
You are very lightly contaminated with residual magic.
Nothing appears to happen.
The gnoll hits you from afar with a +0 spear.
Your magical contamination has completely faded away.
The iguana hisses menacingly.
Okay, then.
You see here a frilled lizard corpse.
The gnoll completely misses you.
You hit the gnoll. The gnoll hits you with a +0 spear.
You hit the gnoll but do no damage.
The gnoll is poisoned.
You hit the gnoll.
The gnoll looks as sick as possible!
You tail-slap the gnoll, but do no damage.
You kill the gnoll!
The iguana attacks as you move away! The iguana barely misses you.
Aim: a gnoll, wielding a +0 spear (100% to hit)
The magic dart hits the iguana.
The iguana closely misses you.
You hit the iguana.
The iguana is poisoned.
The iguana bites you but does no damage.
You barely miss the iguana.
The iguana bites you but does no damage.
You hit the iguana but do no damage.
The iguana looks as sick as possible!
The iguana bites you!
You hit the iguana but do no damage.
The iguana looks as sick as possible!
The iguana bites you but does no damage.
You hit the iguana.
The iguana looks as sick as possible!
You kill the iguana!
You hit the orc but do no damage. The orc hits you but does no damage.
You hit the orc.
The orc is poisoned.
You kill the orc!
The gnoll hits you from afar with a +0 spear.
The gnoll hits you with a +0 spear.
Things that are here:
a +0 dagger; a +0 ring mail; an orc corpse You hit the gnoll.
The gnoll is poisoned.
The gnoll barely misses you.
You hit the gnoll. You punch the gnoll. The gnoll misses you.
You hit the gnoll.
You kill the gnoll!
The gnoll hits you with a +2 whip of electrocution.
* * * LOW HITPOINT WARNING * * *
You see here a +0 spear.
You hit the gnoll. You tail-slap the gnoll.
The gnoll hits you with a +2 whip of electrocution.
* * * LOW HITPOINT WARNING * * *
You are electrocuted!
You die...

###########
#.........#
#.#######.#
#[##..)##.########
#.##.....g)..gg..#
#.##...##g######.#
#.###.###@# #.#
#.....# #)# #.#
########..#### #.#
#g# #.....##..#
#.# #l#########
#.....##..# #.#
#.o..glo...
#.........# #.#
##########.
.......#..# #.# #.
.......#..... ..#
#. ....†..##.####
### #g


You could see 2 gnolls.

Vanquished Creatures
  An iguana (D:3)
  2 gnolls (D:3)
  2 adders (D:3)
  3 worms
  A dart slug (D:3)
  3 orcs (D:3)
  8 bats
  3 endoplasms
  2 giant cockroaches
  7 goblins
  A hobgoblin (D:3)
  2 jackals (D:2)
  3 kobolds (D:1)
  5 quokkas
  3 ball pythons (D:1)
  2 frilled lizards (D:3)
  5 rats
  A spectral goblin (D:1)
54 creatures vanquished.

Notes
Turn   | Place    | Note
-------+----------+-------------------------------------------
     0 | D:1      | CryoSword the Draconian Conjurer began the quest for the
                  | Orb.
     0 | D:1      | Reached XP level 1. HP: 14/14 MP: 3/3
   126 | D:1      | Reached skill level 1 in Long Blades
   208 | D:1      | Reached XP level 2. HP: 17/20 MP: 1/5
   262 | D:1      | Found a faded altar of an unknown god.
   460 | D:1      | Found Kulokag's Assorted Antiques.
  1011 | D:2      | Reached XP level 3. HP: 26/26 MP: 1/6
  1083 | D:2      | Found an opulent altar of Gozag.
  1421 | D:2      | Found Cianoth's General Store.
  1872 | D:1      | Bought a scroll labelled YBROTOBIZIE for 20 gold pieces
  1872 | D:1      | Bought a scroll labelled YBROTOBIZIE for 20 gold pieces
  1872 | D:1      | Bought a scroll labelled SABLUO NOICRE for 20 gold pieces
  1872 | D:1      | Bought a scroll labelled MYM ZUTUDOVIFF for 20 gold pieces
  1990 | D:3      | Found a basalt altar of Yredelemnul.
  2103 | D:3      | Reached XP level 4. HP: 33/33 MP: 4/7
  2379 | D:3      | Slain by a gnoll

Illustrated notes

Levels and vault maps discovered:
D:1:      amcnicky_arrival_double_pillar, layout_basic, serial_shops, shop,
          dreamdust_ecumenical_altar_drowned_temple
D:2:      layout_basic, serial_shops, shop, basic_altar
D:3:      layout_loops_ring, mainiacjoe_overflow_boulevard,
          nicolae_wu_jian_glorious_leap, nicolae_overflow_crystal_walls,
          minmay_fractal_squares_diagonal_5

Skill      XL: |  1  2  3  4 |
---------------+-------------+-----
Long Blades    | 1 2 3 |  3.6
Dodging        | |  1.7
Stealth        | |  1.7
Spellcasting   | |  2.0
Conjurations   | |  4.9

Action                     |  1- 3 |  4- 6 || total
---------------------------+-------+-------++-------
  Melee: Dagger            |    31 |    21 ||    52
         Tailslap          |     3 |     3 ||     6
         Punch             |       |     1 ||     1
   Cast: Magic Dart        |    57 |    16 ||    73
    Use: Scroll            |     3 |       ||     3
   Stab: Sleeping          |     1 |       ||     1
 Armour: Skin              |     8 |     4 ||    12
  Dodge: Dodged            |    17 |     9 ||    26

Table legend: (Time is in decaauts)
 A = Elapsed time spent in this place.
 B = Non-inter-level travel time spent in this place.
 C = Inter-level travel time spent in this place.
 D = Time resting spent in this place.
 E = Time spent auto-exploring this place.
 F = Levels seen in this place.
 G = Mean time per level.
                   A        B        C        D        E       F      G
               +--------+--------+--------+--------+--------+-----+--------+
         Total |   2378 |   2273 |    105 |      0 |   1932 |   3 |  792.7 |
       Dungeon |   2378 |   2273 |    105 |      0 |   1932 |   3 |  792.7 |
               +--------+--------+--------+--------+--------+-----+--------+

Top non-repeatable levels by time:
     D:1: 945 daAuts
     D:2: 944 daAuts
     D:3: 488 daAuts
